 Dungeon Crawl Stone Soup version 0.25.0-11-g1f837a7 (webtiles) character file.

Game seed: 3675867281262373038

4855 HilariousDeathArtist the Fighter (level 10, -1/70 HPs)
             Began as a Tengu Assassin on June 25, 2020.
             Was a Believer of Uskayaw.
             Slain by a porcupine (6 damage)
             ... on level 8 of the Dungeon.
             The game lasted 00:09:39 (7849 turns).

HilariousDeathArtist the Fighter (Tengu Assassin)   Turns: 7849, Time: 00:09:40

Health: -1/70      AC: 15    Str: 21    XL:     10   Next: 49%
Magic:  14/15      EV: 13    Int: 11    God:    Uskayaw [**....]
Gold:   324        SH:  5    Dex: 16    Spells: 9/9 levels left

rFire    . . .     SeeInvis .   a - +2 short sword (venom)
rCold    . . .     Gourm    .   (no shield)
rNeg     . . .     Faith    .   x - +0 acid dragon scales
rPois    .         Spirit   .   (helmet restricted)
rElec    .         Reflect  +   c - +2 cloak
rCorr    +         Harm     .   p - +1 pair of gloves
MR       .....                  (boots unavailable)
Stlth    ++........             j - amulet of reflection
HPRegen  0.21/turn              S - +6 ring of strength
MPRegen  0.14/turn              A - +4 ring of protection

@: flying quickly and evasively, quick
A: beak, talons 3, able to fly
a: Stop Flying, Stomp, Line Pass, Renounce Religion


You were on level 8 of the Dungeon.
You worshipped Uskayaw.
Uskayaw was noncommittal.
You were hungry.

You visited 1 branch of the dungeon, and saw 8 of its levels.

You collected 324 gold pieces.

Inventory:

Hand Weapons
 a - a +2 short sword of venom (weapon)
   (You took it off an orc priest on level 4 of the Dungeon)
 g - a +1 dire flail of venom
   (You took it off Harold on level 8 of the Dungeon)
 k - a +2 dagger
 w - a +2 halberd of flaming
   (You took it off Maggie on level 6 of the Dungeon)
Missiles
 d - 38 poisoned darts
 f - 5 curare-tipped darts
 B - 4 throwing nets {=f, !d}
Armour
 b - a +0 robe
 c - a +2 cloak (worn)
 i - a +0 plate armour
   (You found it on level 1 of the Dungeon)
 p - a +1 pair of gloves (worn)
   (You found it on level 4 of the Dungeon)
 x - +0 acid dragon scales (worn)
   (You took it off Maggie on level 6 of the Dungeon)
Jewellery
 j - an amulet of reflection (around neck)
   (You found it on level 3 of the Dungeon)
 A - a +4 ring of protection (right hand)
   (You found it on level 2 of the Dungeon)
 C - an uncursed ring of protection from cold {rC+, !d}
   (You found it on level 1 of the Dungeon)
 S - a +6 ring of strength (left hand)
   (You found it on level 5 of the Dungeon)
 Z - an uncursed ring of wizardry {Wiz+, !d}
   (You found it on level 6 of the Dungeon)
Wands
 l - a wand of clouds (6)
   (You found it on level 7 of the Dungeon)
 y - a wand of flame (27)
   (You found it on level 7 of the Dungeon)
Scrolls
 n - 5 scrolls of remove curse
 o - a scroll of magic mapping {!r}
 q - a scroll of immolation {unknown}
 s - a scroll of blinking {unknown}
 t - 2 scrolls of teleportation
 u - 3 scrolls of identify
Potions
 h - 3 potions of mutation {!q}
 m - a potion of might
 r - 2 potions of brilliance
 v - 2 potions of curing
 z - a potion of magic {unknown}
Comestibles
 e - 18 rations


   Skills:
 + Level 11.4 Fighting
 + Level 8.0 Short Blades
 - Level 2.0 Throwing
 - Level 1.1 Dodging
 - Level 4.0 Stealth
 + Level 5.3 Invocations
 + Level 3.5 Evocations


You had 9 spell levels left.
You didn't know any spells.
Your spell library contained the following spells:

 Spells                   Type           Power        Failure   Level  Hunger
 Corona                   Hex            #......      41%         1    ##.....
 Ensorcelled Hibernation  Hex/Ice        #.....       56%         2    ###....
 Confusing Touch          Hex            #.......     80%         3    ####...
 Dazzling Flash           Conj/Hex       #.....       80%         3    ####...
 Gell's Gravitas          Tloc           #.........   80%         3    ####...
 Tukima's Dance           Hex            #.......     80%         3    ####...
 Petrify                  Tmut/Erth      #.......     99%         4    #####..
 Metabolic Englaciation   Hex/Ice        #.........   100%        5    ######.
 Yara's Violent Unravell  Hex/Tmut       #.........   100%        5    ######.


Dungeon Overview and Level Annotations

Branches:
Dungeon (8/15)             Temple (0/1) D:4
   Lair: D:8-11

Altars:
Elyvilon
Makhleb
Sif Muna
Uskayaw
Xom
The Shining One

Annotations:
D:6 1 runed translucent door, fozzywoppz's ghost, novice GrFi
D:7 1 runed translucent door, Cheivey's ghost, novice DsFi


Innate Abilities, Weirdness & Mutations

You have a beak for a mouth.
You have claws for feet.
You can fly continuously.


Message History

A leopard gecko is nearby!
You can no longer pass through a line of other dancers.
You feel sick.
You take 1 damage, and have 44/70 hp.
You feel sick.
Items here: ( )) [ † a +0 quarterstaff; a +0 hunting sling; a cursed +0 leather armour 23 sling bullets; the human corpse of Joseph You take 1 damage, and have 44/70 hp.
You hit the leopard gecko. Your kick misses the leopard gecko.
Your peck misses the leopard gecko.
The leopard gecko bites you but does no damage.
You miss the leopard gecko. The leopard gecko closely misses you.
You completely miss the leopard gecko. You claw the leopard gecko.
You kill the leopard gecko!
You feel sick.
You take 1 damage, and have 43/70 hp.
You start resting.
You feel sick. x4
You are feeling hungry.
You start resting.
You feel sick.
You are no longer poisoned.
You take 1 damage, and have 42/70 hp.
You start resting.
The scorpion is too close now for your liking.
You regained 2 hp, and now have 44/70 hp.
A scorpion is nearby!
A scorpion is nearby!
A scorpion is nearby!
A scorpion is nearby!
You see here a porcupine corpse.
A big kobold comes into view. It is wielding a +0 dagger.
The big kobold shouts!
You hit the scorpion but do no damage.
The scorpion is poisoned.
You peck the scorpion, but do no damage.
The scorpion closely misses you.
You hit the scorpion but do no damage.
The scorpion looks even sicker.
You hit the scorpion but do no damage. Your kick misses the scorpion.
The scorpion stings you.
You take 1 damage, and have 44/70 hp.
You hit the scorpion.
The scorpion looks as sick as possible!
You claw the scorpion.
You kill the scorpion!
Your Short Blades skill increases to level 8!
Something bites the plant.
A porcupine comes into view. x2
The porcupine bites something but does no damage.
Things that are here:
4 chunks of flesh {@w0}; a scorpion corpse; a bullfrog skeleton You hit the big kobold but do no damage.
Your kick misses the big kobold. You peck the big kobold.
You block the big kobold's attack.
You hit the big kobold but do no damage.
The big kobold is poisoned.
The big kobold blocks your attack. x2
The big kobold barely misses you.
You hit the big kobold.
The big kobold looks as sick as possible!
You claw the big kobold, but do no damage.
A yak comes into view.
You block the big kobold's attack.
The yak bellows!
You puncture the big kobold! Your kick misses the big kobold.
You can now pass through a line of other dancers.
You hit the big kobold but do no damage.
The big kobold looks as sick as possible!
You kill the big kobold!
The porcupine bites you!
Things that are here:
a +0 dagger; a +0 kite shield You take 12 damage, and have 33/70 hp.
The yak gores the plant.
Things that are here:
4 chunks of flesh {@w0}; a scorpion corpse; a bullfrog skeleton You block the porcupine's attack.
You can no longer pass through a line of other dancers.
You are struck by the porcupine's spines.
You hit the porcupine.
The porcupine is poisoned.
Your kick misses the porcupine. Your peck misses the porcupine.
The porcupine bites you!
* * * LOW HITPOINT WARNING * * *
You take 19 damage, and have 15/70 hp.
MASSIVE DAMAGE!!
You hit the porcupine.
The porcupine looks as sick as possible!
You peck the porcupine.
You can now pass through a line of other dancers.
You hit the porcupine.
The porcupine looks as sick as possible!
You claw the porcupine.
You kill the porcupine!
Okay, then.
You are struck by the porcupine's spines.
* * * LOW HITPOINT WARNING * * *
You barely miss the porcupine. You peck the porcupine.
You take 2 damage, and have 13/70 hp.
You are struck by the porcupine's spines.
* * * LOW HITPOINT WARNING * * *
You hit the porcupine. The porcupine bites you.
You die...

#.......#.#....
..
#.......#<#....
#.
#...$..?#.#....
#.
#.......#......
#.
#....(..######.
#. #)##....# .
#. #.#####.## .
#.###†#.......
#.@r........#.#
#####....P..#.#
#.[%P........
#.P.)..P.... #
#.P.P..P...P.
#...P...PP...
#P..P.PPP.PP..
#..P.PPP.PPP..


#..P..PPP.PPPP. You could see a porcupine.

Vanquished Creatures
  Harold (D:8)
  Joseph (D:8)
  Maggie (D:6)
  A hornet (D:7)
  Prince Ribbit (D:6)
  Menkaure (D:6)
  A hungry ghost (D:7)
  Edmund (D:6)
  A water moccasin (D:6)
  4 porcupines (D:8)
  2 sky beasts
  2 orc warriors
  The ghost of delverdan the Skirmisher, an amateur NaFi (D:3)
  A phantom (D:6)
  A black bear (D:6)
  2 ogres
  A centaur (D:5)
  A crocodile (D:8)
  2 big kobolds
  2 bullfrogs
  2 scorpions
  A crimson imp (D:7)
  A quasit (D:6)
  2 bullfrog zombies (D:5)
  A hound (D:7)
  An orc priest (D:4)
  8 orc wizards
  2 bullfrog skeletons
  5 worker ants
  A hound zombie (D:7)
  9 gnolls
  8 adders
  2 shadow imps
  2 oozes (D:3)
  2 adder skeletons (D:4)
  A worm (D:2)
  7 leopard geckos
  23 orcs
  12 giant cockroaches
  7 goblins
  3 hobgoblins
  10 jackals
  5 quokkas
  2 bats (D:1)
  7 frilled lizards
  A jackal skeleton (D:4)
  9 kobolds
  10 rats
172 creatures vanquished.

Vanquished Creatures (others)
  17 fungi (D:8)
  2 plants (D:8)
  A withered plant (D:3)
20 creatures vanquished.

Grand Total: 192 creatures vanquished

Notes
Turn   | Place    | Note
-------+----------+-------------------------------------------
     0 | D:1      | HilariousDeathArtist the Tengu Assassin began the quest for
                  | the Orb.
     0 | D:1      | Reached XP level 1. HP: 12/12 MP: 2/2
    50 | D:1      | Reached XP level 2. HP: 16/18 MP: 3/3
   165 | D:1      | Reached skill level 3 in Fighting
   524 | D:1      | Reached XP level 3. HP: 21/23 MP: 4/4
  1127 | D:2      | Found a hide-covered altar of Uskayaw.
  1149 | D:2      | Became a worshipper of Uskayaw the Reveler
  1186 | D:2      | Reached * piety under Uskayaw
  1191 | D:2      | Reached skill level 4 in Fighting
  1191 | D:2      | Reached ** piety under Uskayaw
  1252 | D:2      | You fall into a shaft and drop 2 floors!
  1336 | D:3      | Reached XP level 4. HP: 27/29 MP: 5/5
  1375 | D:3      | Reached *** piety under Uskayaw
  1382 | D:3      | Reached **** piety under Uskayaw
  1386 | D:3      | Reached ***** piety under Uskayaw
  1567 | D:3      | Reached skill level 5 in Fighting
  1567 | D:3      | Gained mutation: You can fly continuously. [Tengu growth]
  1567 | D:3      | Reached XP level 5. HP: 35/35 MP: 6/6
  2161 | D:2      | Found a glowing golden altar of the Shining One.
  2385 | D:2      | Found a shimmering blue altar of Sif Muna.
  2577 | D:3      | Found a faded altar of an unknown god.
  2622 | D:3      | Found a runed translucent door.
  2622 | D:3      | Noticed delverdan's ghost (amateur NaFi)
  2921 | D:3      | Killed delverdan's ghost
  2921 | D:3      | Reached skill level 6 in Fighting
  2921 | D:3      | Reached XP level 6. HP: 42/42 MP: 7/7
  3386 | D:4      | Found a staircase to the Ecumenical Temple.
  3413 | D:4      | HP: 10/42 [poisoned by an orc priest]
  3419 | D:4      | HP: 8/42 [poisoned by an orc priest]
  3425 | D:4      | HP: 7/42 [poisoned by an orc priest]
  3433 | D:4      | HP: 6/42 [poisoned by an orc priest]
  3665 | D:4      | Reached skill level 7 in Fighting
  3665 | D:4      | Reached XP level 7. HP: 23/48 MP: 8/8
  3963 | D:4      | Found a shimmering altar of Xom.
  4409 | D:5      | Entered Level 5 of the Dungeon
  4426 | D:5      | Reached skill level 8 in Fighting
  5003 | D:5      | Reached skill level 9 in Fighting
  5003 | D:5      | Reached XP level 8. HP: 54/56 MP: 9/9
  5294 | D:6      | Noticed Prince Ribbit
  5303 | D:6      | Killed Prince Ribbit
  5303 | D:6      | Reached skill level 3 in Short Blades
  5395 | D:6      | Noticed Edmund
  5407 | D:6      | Killed Edmund
  5407 | D:6      | Reached skill level 4 in Short Blades
  5615 | D:6      | Reached skill level 10 in Fighting
  5615 | D:6      | Reached skill level 5 in Short Blades
  5615 | D:6      | Reached skill level 1 in Invocations
  5849 | D:6      | Reached skill level 2 in Invocations
  5849 | D:6      | Reached XP level 9. HP: 49/62 MP: 11/11
  6049 | D:6      | Found a runed translucent door.
  6164 | D:6      | Noticed fozzywoppz's ghost (novice GrFi)
  6295 | D:6      | Noticed Maggie
  6323 | D:6      | Killed Maggie
  6323 | D:6      | Reached skill level 6 in Short Blades
  6323 | D:6      | Reached skill level 3 in Invocations
  6489 | D:6      | Noticed Menkaure
  6493 | D:6      | Killed Menkaure
  6626 | D:7      | Noticed a hornet
  6640 | D:7      | Paralysed by a hornet for 2 turns
  6647 | D:7      | Killed a hornet
  6946 | D:7      | Found a burning altar of Makhleb.
  6999 | D:7      | Found a white marble altar of Elyvilon.
  7014 | D:7      | Reached skill level 4 in Invocations
  7163 | D:7      | Found a runed translucent door.
  7163 | D:7      | Noticed Cheivey's ghost (novice DsFi)
  7285 | D:7      | Reached skill level 7 in Short Blades
  7285 | D:7      | Reached skill level 1 in Evocations
  7561 | D:8      | Reached skill level 11 in Fighting
  7584 | D:8      | Reached XP level 10. HP: 62/69 MP: 14/14
  7597 | D:8      | Noticed Joseph
  7612 | D:8      | Killed Joseph
  7612 | D:8      | Reached skill level 2 in Evocations
  7770 | D:8      | Noticed Harold
  7781 | D:8      | Killed Harold
  7781 | D:8      | Reached skill level 5 in Invocations
  7781 | D:8      | Reached skill level 3 in Evocations
  7832 | D:8      | Reached skill level 8 in Short Blades
  7845 | D:8      | HP: 15/70 [porcupine (11)]
  7849 | D:8      | HP: 4/70 [porcupine's spines (9)]
  7849 | D:8      | Slain by a porcupine

Illustrated notes

Levels and vault maps discovered:
D:1:      dpeg_arrival_erosion, layout_basic, minmay_stone_trees_medium
D:2:      layout_basic, eat_drink_and_be_merry_uskayaw,
          lemuel_coloured_pillars_altar, lemuel_blue_sif_altar
D:3:      layout_basic, gammafunk_ghost_grave, chequers_ecumenical_altar_simple
D:4:      layout_loops_ring, kennysheep_mini_moat, minmay_temple_entry_offerings
D:5:      layout_cave_pools, first_ration
D:6:      layout_loops_cross, ebering_ghost_reflecting_pool, uniq_edmund,
          uniq_maggie, uniq_menkaure, uniq_prince_ribbit1
D:7:      layout_rooms, lemuel_crystal_altar, serial_curves, eino_curves_01,
          eino_curves_03, ebering_ghost_reflecting_pool, elyvilon_altar_5
D:8:      layout_loops_cross, marbit_many_paths, due_lair_maze_entry_diamond,
          uniq_harold, uniq_joseph, uniq_grum

Skill      XL: |  1  2  3  4  5  6  7  8  9 10 |
---------------+-------------------------------+-----
Fighting       | 3 4 5 6 7 9 10 11 | 11.4
Short Blades   | 5 7 8 |  8.0
Invocations    | 2 4 5 |  5.3
Evocations     | 1 3 |  3.5
Throwing       | |  2.0
Dodging        | |  1.1
Stealth        | |  4.0

Action                   |  1- 3 |  4- 6 |  7- 9 | 10-12 || total
-------------------------+-------+-------+-------+-------++-------
Melee: Dagger            |    93 |   125 |       |       ||   218
       Kick              |    23 |    38 |   116 |    19 ||   196
       Peck              |     4 |    23 |    66 |    11 ||   104
       Short sword       |       |     4 |   321 |    56 ||   381
Invok: Stomp             |       |     2 |       |       ||     2
 Abil: Fly               |       |     1 |       |       ||     1
  Use: Scroll            |     3 |     6 |     2 |       ||    11
       Potion            |       |     4 |     1 |       ||     5
 Stab: Sleeping          |     7 |       |     1 |       ||     8
       Paralysed         |       |     3 |     8 |     3 ||    14
  Eat: Chunk             |     1 |     4 |    15 |       ||    20
       Ration            |       |     1 |       |       ||     1
Armor: Plate armour      |    35 |    88 |   139 |       ||   262
       Robe              |     2 |       |       |       ||     2
       Acid dragon scale |       |       |    39 |     9 ||    48
Dodge: Dodged            |    18 |    21 |    93 |    17 ||   149
Block: Other             |       |     7 |    59 |    11 ||    77
       Reflection        |       |       |       |     1 ||     1

Levels and vault maps discovered:
D:1:      dpeg_arrival_erosion, layout_basic, minmay_stone_trees_medium
D:2:      layout_basic, eat_drink_and_be_merry_uskayaw,
          lemuel_coloured_pillars_altar, lemuel_blue_sif_altar
D:3:      layout_basic, gammafunk_ghost_grave, chequers_ecumenical_altar_simple
D:4:      layout_loops_ring, kennysheep_mini_moat, minmay_temple_entry_offerings
D:5:      layout_cave_pools, first_ration
D:6:      layout_loops_cross, ebering_ghost_reflecting_pool, uniq_edmund,
          uniq_maggie, uniq_menkaure, uniq_prince_ribbit1
D:7:      layout_rooms, lemuel_crystal_altar, serial_curves, eino_curves_01,
          eino_curves_03, ebering_ghost_reflecting_pool, elyvilon_altar_5
D:8:      layout_loops_cross, marbit_many_paths, due_lair_maze_entry_diamond,
          uniq_harold, uniq_joseph, uniq_grum

Table legend:
 A = Turns spent in this place as a percentage of turns spent in the entire game.
 B = Non-inter-level travel turns spent in this place as a percentage of non-inter-level travel turns spent in the entire game.
 C = Inter-level travel turns spent in this place as a percentage of turns spent in this place.
 D = Turns resting spent in this place as a percentage of non-inter-level travel turns spent in this place.
 E = Turns spent auto-exploring this place as a percentage of non-inter-level travel turns spent in this place.
 F = Non-inter-level travel turns spent in this place divided by the number of levels of this place that you've seen.
                   A       B       C       D       E      F
               +-------+-------+-------+-------+-------+----------------------
         Total | 100.0 | 100.0 |   5.7 |  27.1 |  56.6 | 925.5
       Dungeon | 100.0 | 100.0 |   5.7 |  27.1 |  56.6 | 925.5
               +-------+-------+-------+-------+-------+----------------------

Table legend:
 A = Kills in this place as a percentage of kills in entire the game.
 B = Kills by you in this place as a percentage of kills by you in the entire game.
 C = Kills by friends in this place as a percentage of kills by friends in the entire game.
 D = Other kills in this place as a percentage of other kills in the entire game.
 E = Experience gained in this place as a percentage of experience gained in the entire game.
 F = Experience gained in this place divided by the number of levels of this place that you have seen.
                   A       B       C       D       E      F
               +-------+-------+-------+-------+-------+----------------------
         Total | 100.0 | 100.0 |   N/A |   N/A | 100.0 | 867.1
       Dungeon | 100.0 | 100.0 |   N/A |   N/A | 100.0 | 867.1
               +-------+-------+-------+-------+-------+----------------------
